Map: Frozen Temple

Players

RBEconomist

  • Race: Terran Terran
  • League: Platinum

pking - Winner!

  • Race: Zerg Zerg
  • League: Diamond

VOD

Have the link to the VOD?

Description

Time

  • Played on: Aug. 20, 2016, 10:58 a.m.
  • Length: 7:06
Show
View Real Time Build Order
Export as new Build Order

RBEconomist Terran 

Build Orders:  

Get SALT Encoding   

  12  0:02  SCV  
  13  0:14  SCV  
  14  0:29  SCV  
  14  0:30  Supply Depot  
  15  0:46  Engineering Bay  
  15  0:52  SCV  
  15  0:54  Barracks  
  16  1:05  SCV  
  17  1:12  Engineering Bay  
  17  1:17  SCV  
  18  1:43  Command Center  
  18  1:45  Marine  
  19  1:50  SCV  
  19  1:51  Bunker  
  20  2:03  Marine  
  20  2:08  Supply Depot  
  21  2:15  Orbital Command  
  21  2:22  Engineering Bay  
  21  2:40  Refinery  
  21  2:41  Marine, Refinery  
  22  2:51  Supply Depot  
  22  2:57  Refinery  
  22  3:00  SCV, Refinery  
  23  3:09  SCV  
  24  3:16  Marine  
  25  3:20  SCV  
  25  3:26  Missile Turret  
  26  3:38  Planetary Fortress  
  25  3:46  Marine  
  25  3:47  SCV  
  27  3:54  Factory  
  27  4:04  Marine  
  27  4:05  Missile Turret  
  28  4:10  SCV, Missile Turret  
  28  4:15  SCV  
  30  4:23  SCV  
  31  4:31  Hi-Sec Auto Tracking  
  31  4:33  SCV  
  31  4:35  SCV  
  33  4:44  Factory Tech Lab  
  33  4:46  Marine  
  33  4:52  Starport  
  34  4:54  Starport  
  34  5:02  Siege Tank  
  34  5:04  SCV  
  34  5:05  SCV  
  39  5:16  SCV  
  39  5:17  SCV  
  41  5:28  Starport Tech Lab  
  41  5:31  Starport Tech Lab, Barracks Tech Lab  
  41  5:37  Command Center  
  41  5:43  SCV  
  42  6:02  Viking  
  44  6:10  Armory  
  44  6:12  SCV  
  44  6:13  SCV  
  46  6:29  Starport  
  48  6:44  Command Center  
  48  6:49  SCV x3  
Show
View Real Time Build Order
Export as new Build Order

pking Zerg - Winner!

Build Orders: Pool First 

Get SALT Encoding   

  12  0:02  Drone  
  13  0:08  Drone  
  14  0:17  Extractor x2, Drone  
  13  0:22  Drone  
  13  0:27  Overlord  
  16  0:46  Drone  
  16  0:48  Spawning Pool  
  16  0:49  Drone  
  17  0:55  Drone  
  18  1:19  Hatchery  
  18  1:21  Extractor  
  18  1:22  Drone  
  18  1:23  Drone  
  18  1:35  Zergling x2  
  19  1:47  Roach Warren  
  19  1:49  Queen  
  19  1:54  Drone  
  21  2:00  Drone  
  22  2:13  Overlord  
  22  2:31  Roach x3  
  28  2:40  Queen x2  
  32  2:45  Drone x3  
  35  3:11  Overlord  
  35  3:13  Overlord  
  35  3:16  Lair  
  35  3:39  Drone  
  35  3:40  Drone x5  
  38  3:58  Extractor  
  38  3:59  Extractor  
  38  4:00  Extractor, Drone  
  38  4:01  Drone x6  
  42  4:16  Overlord  
  42  4:23  Drone x3  
  45  4:28  Drone  
  46  4:37  Drone  
  46  4:38  Drone x2  
  49  4:45  Drone, Spire  
  49  5:01  Hatchery  
  49  5:03  Drone  
  49  5:06  Roach x5  
  59  5:07  Zergling x2  
  59  5:09  Overlord x3  
  60  5:28  Drone  
  60  5:29  Drone x3  
  64  5:51  Pneumatized Carapace  
  64  5:53  Drone  
  65  6:01  Mutalisk x6  
  77  6:05  Mutalisk  
  77  6:09  Zergling x8  
  77  6:10  Zergling x2  
  84  6:26  Mutalisk  
  84  6:29  Zergling x4  
  84  6:30  Zergling x4  
  84  6:32  Overlord  
  90  6:43  Overlord x4  
Tags
 
Add a new tag
Caveats
  • Supply blocks, unpowered buildings, or Contaminate may cause inaccurate times.
  • Supply counts are checked every 10 seconds.